 Dungeon Crawl Stone Soup version 0.28.0-1-gb440e238dd (webtiles) character file.

Game seed: 16547624033084551567

2170 spaghetti the Carver (level 9, -6/60 HPs)
             Began as a Tengu Delver on Feb 19, 2022.
             Mangled by a wyvern skeleton (13 damage)
             ... on level 7 of the Dungeon.
             The game lasted 00:06:38 (2588 turns).

spaghetti the Carver (Tengu Delver)                 Turns: 2588, Time: 00:06:38

Health: -6/60      AC:  5    Str: 15    XL:     9   Next: 32%
Magic:  10/10      EV: 14    Int: 10    God:
Gold:   75         SH:  0    Dex: 18    Spells: 8/8 levels left

rFire   . . .      SeeInvis .   a - +8 autumn katana {vorpal, manifold assault}
rCold   . . .      Faith    .   (no shield)
rNeg    . . .      Spirit   .   k - +0 leather armour
rPois   .          Reflect  .   m - +2 hood of the Assassin {Detection Stab+ Stlth++}
rElec   .          Harm     .   (no cloak)
rCorr   .          Rampage  .   (no gloves)
Will    .....                   (boots unavailable)
Stlth   +++++.....              (no amulet)
HPRegen 0.20/turn               (no ring)
MPRegen 0.12/turn               (no ring)

@: flying quickly and evasively, quick
A: beak, talons 3, nimble flight
a: no special abilities


You were on level 7 of the Dungeon.
You visited 1 branch of the dungeon, and saw 5 of its levels.

You collected 75 gold pieces.

Inventory:

Hand Weapons
 a - the +8 autumn katana (weapon) {vorpal, manifold assault}
   (You found it on level 5 of the Dungeon)

   It sometimes launches melee attacks against multiple visible enemies.
 b - a +0 hunting sling
 h - a +0 falchion
Missiles
 f - 2 curare-tipped darts (quivered)
 l - 33 sling bullets
Armour
 k - a +0 leather armour (worn)
 m - the +2 hood of the Assassin (worn) {Detection Stab+ Stlth++}
   (You acquired it on level 8 of the Dungeon)

   It allows the wearer to sense nearby creatures.
   It allows the wearer to make particularly effective stabbing attacks against
   helpless or unaware enemies with any weapon.
   Stlth:     It makes you much more stealthy.
Wands
 e - a wand of flame (7)
 g - a wand of digging (3)
Scrolls
 d - a scroll of magic mapping
 i - a scroll of holy word
Potions
 j - a potion of degeneration


   Skills:
 + Level 8.8 Fighting
 + Level 9.3 Long Blades
 - Level 2.1 Dodging
 + Level 6.0 Stealth


You had 8 spell levels left.
You didn't know any spells.
Your spell library was empty.

Dungeon Overview and Level Annotations

Branches:
Dungeon (9/15)
 Temple: D:4-7         Lair: D:8-11         Orc: D:9-12

Altars:

Shops:
D:7 :   D:8 *

Annotations:
D:8 exclusion: water moccasin


Innate Abilities, Weirdness & Mutations

You have a beak for a mouth.
You have claws for feet.
Your magical nature lets you fly swiftly and evasively.


Message History

Harold hits you with a +0 short sword!
* * * LOW HITPOINT WARNING * * *
You hit Harold.
Harold is heavily wounded.
Harold barely misses you.
You hit Harold. You claw Harold.
Harold is severely wounded.
Harold completely misses you.
You slice Harold!! You claw Harold. You peck Harold, but do no damage.
Harold is almost dead.
You slash Harold!
You kill Harold!
Harold looks down at his mortal wounds and cries, "But... this was my last day before retirement..."
Your Long Blades skill increases to level 9!
Your Stealth skill increases to level 6!
You have reached level 9!
Your experience leads to an increase in your attributes!
Increase (S)trength, (I)ntelligence, or (D)exterity?
You feel agile. x2
A jelly comes into view.
The jelly jiggles.
The jelly hits you but does no damage.
There is an entrance to Durymigae's Self-Improvement Boutique here.
Unknown command.
Unknown command.
There is a fountain of clear blue water here.
A bullfrog comes into view.
The sentinel's mark upon you fades away.
The wyvern skeleton bites you!
* * * LOW HITPOINT WARNING * * *
The wyvern skeleton barely misses you. The wyvern skeleton bites you.
* * * LOW HITPOINT WARNING * * *
Okay, then.
Okay, then.
Found two halberds, a glowing halberd and a spear.
Okay, then.
The wyvern skeleton misses you. The wyvern skeleton bites you!
You die...

##. #..#####
#......## ##...)...#
#...)∩)..#
####....)...#
##.#.........# .#
#.#..##..###Z# ...
#....##..J..@# #...
#......Z.....#
#...##..Z#........#
#........##........#
...................#
.....#........#.....
.....##.Z.....#.....#
.....###....#.#....##
.........#####.#


You could see a jelly, a wyvern skeleton and a centaur skeleton.

Vanquished Creatures
  Harold (D:7)
  Joseph (D:9)
  A hornet (D:9)
  Grum (D:8)
  An acid dragon (D:9)
  A water moccasin (D:8)
  An orc warrior (D:9)
  3 wolves (D:8)
  3 kobold brigands
  2 howler monkeys
  3 centaur zombies
  2 howler monkey zombies
  A white imp (D:8)
  A howler monkey simulacrum (D:9)
  2 orcs
  8 kobolds (D:8)
32 creatures vanquished.

Notes
Turn   | Place    | Note
-------+----------+-------------------------------------------
     0 | D:5      | Found the +8 autumn katana {vorpal, manifold assault}
     0 | D:5      | spaghetti the Tengu Delver began the quest for the Orb.
     0 | D:5      | Reached XP level 1. HP: 14/14 MP: 2/2
    63 | D:7      | Noticed a black bear
   258 | D:6      | Noticed a necrophage
   260 | D:6      | Noticed a bullfrog
   293 | D:8      | Found Vuddopt's Assorted Antiques.
   500 | D:8      | Noticed a water moccasin
   518 | D:8      | Reached XP level 2. HP: 4/19 MP: 3/3
   778 | D:9      | Noticed a troll
   783 | D:9      | Noticed a wolf
   785 | D:8      | Noticed a howler monkey
   789 | D:8      | Killed a howler monkey
   790 | D:8      | Reached skill level 3 in Long Blades
   790 | D:8      | Reached XP level 3. HP: 24/24 MP: 4/4
   798 | D:8      | Noticed a kobold brigand
   807 | D:8      | Killed a kobold brigand
   808 | D:8      | Reached skill level 4 in Long Blades
   808 | D:8      | Reached XP level 4. HP: 18/30 MP: 5/5
   808 | D:8      | Gained mutation: Your magical nature lets you fly swiftly
                  | and evasively. [Tengu growth]
   808 | D:8      | Reached XP level 5. HP: 21/34 MP: 6/6
   977 | D:8      | Noticed Grum
   977 | D:8      | Noticed a wolf
   978 | D:8      | Noticed a wolf
   978 | D:8      | Noticed a wolf
  1100 | D:8      | Killed Grum
  1101 | D:8      | Reached skill level 5 in Fighting
  1101 | D:8      | Reached skill level 5 in Long Blades
  1101 | D:8      | Reached XP level 6. HP: 40/40 MP: 7/7
  1106 | D:8      | Reached XP level 7. HP: 22/45 MP: 8/8
  1108 | D:8      | Reached skill level 6 in Long Blades
  1393 | D:8      | Noticed a hornet
  1428 | D:9      | Noticed a hornet
  1435 | D:9      | Killed a hornet
  1449 | D:9      | Reached skill level 7 in Long Blades
  1449 | D:9      | Reached XP level 8. HP: 39/52 MP: 9/9
  1609 | D:9      | Noticed Joseph
  1623 | D:9      | Killed Joseph
  1624 | D:9      | Reached skill level 8 in Long Blades
  1659 | D:9      | Noticed a green ugly thing
  1660 | D:9      | Noticed a slime creature
  1661 | D:9      | Noticed a cyclops
  2501 | D:8      | Identified a scroll of acquirement
  2501 | D:8      | Acquired the +2 hood of the Assassin {Detection Stab+
                  | Stlth++}
  2501 | D:8      | Found the +2 hood of the Assassin {Detection Stab+ Stlth++}
  2521 | D:7      | Found Durymigae's Self-Improvement Boutique.
  2523 | D:7      | Noticed Harold
  2551 | D:7      | Killed Harold
  2552 | D:7      | Reached skill level 9 in Long Blades
  2552 | D:7      | Reached XP level 9. HP: 17/60 MP: 10/10
  2588 | D:7      | Mangled by a wyvern skeleton

Illustrated notes

Levels and vault maps discovered:
D:5:      layout_rooms, minmay_temple_entry_fiery, uniq_crazy_yiuf_cottage,
          uniq_pikel, uniq_sigmund, uniq_eustachio
D:6:      layout_basic
D:7:      layout_cave_pools, enter_bailey_2, nicolae_shop_self_help,
          uniq_menkaure, uniq_harold
D:8:      layout_basic, serial_shops, nicolae_square_shop, nicolae_two_hexagons,
          uniq_grum
D:9:      minmay_the_grid_4x2 [minmay_the_grid_spikes,
          minmay_the_grid_broken_lines, minmay_the_grid_empty,
          minmay_the_grid_tree, minmay_the_grid_odd_star,
          minmay_the_grid_minigrid_medium, minmay_the_grid_armoury,
          minmay_the_grid_prize_big_room], layout_gridville, erik_lair_island,
          zombieorc2_lemuel, special_room [special_room_bee], uniq_joseph,
          uniq_maggie, uniq_prince_ribbit1

Skill      XL: |  1  2  3  4  5  6  7  8 |
---------------+-------------------------+-----
Long Blades    | 3 4 5 7 9 |  9.3
Fighting       | 4 5 6 8 |  8.8
Stealth        | 6 |  6.0
Dodging        | |  2.1

Action                   |  1- 3 |  4- 6 |  7- 9 || total
-------------------------+-------+-------+-------++-------
Melee: Katana            |    11 |     9 |    60 ||    80
       Peck              |     1 |     1 |    12 ||    14
       Kick              |     1 |     1 |    20 ||    22
 Fire: Hunting sling     |       |       |     3 ||     3
  Use: Potion            |     2 |       |     1 ||     3
       Scroll            |       |       |     5 ||     5
 Stab: Sleeping          |     1 |       |     3 ||     4
       Distracted        |       |     1 |       ||     1
Armor: Leather armour    |       |     1 |     9 ||    10
Dodge: Dodged            |     5 |    15 |    35 ||    55
